 Dungeon Sprint DCSS version 0.28-a0-381-g937acc2988 (webtiles) character file.

Game seed: 547534634146573741

20550 Ankalagon the Warrior (level 12, -6/195 HPs)
             Began as a Minotaur Berserker on Sept 1, 2021.
             Was a High Priest of Trog.
             Mangled by Lom Lobon (21 damage)
             ... in the Dungeon (Sprint I: "Red Sonja").
             The game lasted 00:14:38 (3931 turns).

Ankalagon the Warrior (Minotaur Berserker)          Turns: 3931, Time: 00:14:38

Health: -6/195     AC: 35    Str: 21    XL:     12   Next: 46%
Magic:  0/3        EV: 14    Int:  4    God:    Trog [*****.]
Gold:   1158       SH:  0    Dex: 16    Spells: 11/11 levels left

rFire   . . .      SeeInvis .   m - +3 dire flail (antimagic) {god gift}
rCold   . . .      Faith    .   (shield currently unavailable)
rNeg    + . .      Spirit   .   n - +10 plate armour {ponderous}
rPois   +          Reflect  .   (helmet restricted)
rElec   +          Harm     .   j - +1 cloak
rCorr   .          Rampage  ∞   k - +0 pair of gloves
Will    .....      NoTele   +   w - +3 pair of seven-league boots {Rampage+∞}
Stlth   ..........              (no amulet)
HPRegen 0.42/turn               r - ring "Mial" {Fly rElec rPois rN+}
MPRegen 0.08/turn               (no ring)

@: berserking, flying, studying Polearms, very quick
A: horns 2, retaliatory headbutt
a: Renounce Religion, Berserk, Trog's Hand, Brothers in Arms


You were in the Dungeon.
You worshipped Trog.
Trog was extremely pleased with you.
You visited 1 branch You collected 3511 gold pieces.
You spent 2353 gold pieces at shops.

Inventory:

Hand Weapons
 a - a +0 mace
 l - a +0 vorpal dire flail {god gift}
 m - a +3 antimagic dire flail (weapon) {god gift}
 p - the +6 great mace of Trog's Outrage {god gift, flame, +Blink rPois rF+}
   (Trog gifted it to you in the Dungeon)

   It burns those it strikes, dealing additional fire damage.
   rF:        It protects you from fire.
   rPois:     It protects you from poison.
   +Blink:    It lets you blink.
 q - a +1 great mace of flaming {god gift}
 t - the +3 hunting sling of the Gloaming {freeze, rC++ Str+4}
   (You found it in the Dungeon)

   Any ammunition fired from it freezes those it strikes, dealing additional
   cold damage.
   It can also slow down cold-blooded creatures.
   Str:       It affects your strength (+4).
   rC:        It greatly protects you from cold.
Missiles
 o - 4 curare-tipped darts (quivered)
Armour
 b - a +0 animal skin
 i - the +5 scale mail of the Sunfish {Rampage rF- Int+4}
   (You bought it in a shop in the Dungeon)

   Int:       It affects your intelligence (+4).
   rF:        It makes you vulnerable to fire.
   Rampage:   It bestows one free step when moving towards enemies.
 j - a +1 cloak (worn)
 k - a +0 pair of gloves (worn)
 n - a +10 plate armour of ponderousness (worn)
 w - the +3 pair of seven-league boots (worn) {Rampage+∞}
   (You bought it in a shop in the Dungeon)

   Its wearer moves as far as possible in that direction when moving towards
   enemies.
Jewellery
 r - the ring "Mial" (left hand) {Fly rElec rPois rN+}
   (You bought it in a shop in the Dungeon)

   [ring of flight]

   rElec:     It insulates you from electricity.
   rPois:     It protects you from poison.
   rN:        It protects you from negative energy.
   Fly:       It grants you flight.
 x - the necklace of Bloodlust {*Rage +Rage Will++ Int-3 Slay+6}
   (You took it off a deep elf annihilator in the Dungeon)

   [amulet of nothing]

   It extends the wearer's berserk rage when killing foes.
   Int:       It affects your intelligence (-3).
   Slay:      It affects your accuracy & damage with ranged weapons and melee
   (+6).
   +Rage:     It lets you go berserk.
   *Rage:     It may make you go berserk in combat.
   Will:      It greatly increases your willpower.
 z - a ring of poison resistance
Scrolls
 h - a scroll of blinking
 y - a scroll of identify
Potions
 c - 5 potions of curing
 d - a potion of heal wounds
 e - 3 potions of haste
 f - 2 potions of magic
 g - 2 potions of berserk rage
 u - a potion of lignification
Miscellaneous
 s - a phial of floods
 v - a tin of tremorstones (2/2)


   Skills:
 - Level 19.1 Fighting
 + Level 18.9 Maces & Flails
 - Level 14.7 Armour
 - Level 15.7 Dodging
 + Level 11.0 Evocations


You had 11 spell levels left.
You didn't know any spells.
Your spell library was empty.

Dungeon Overview and Level Annotations

Branches:
Dungeon (1/1)

Altars:
Cheibriados
Dithmenos
Elyvilon
Fedhas
Gozag
Hepliaklqana
Kikubaaqudgha
Makhleb
Nemelex Xobeh
Okawaru
Qazlal
Ru
Sif Muna
Trog
Uskayaw
Vehumet
Wu Jian
Xom
Yredelemnul
Zin
The Shining One
Jiyva
Lugonu

Shops:
D ![?*(***[=[[=([[:

Annotations:
D Lom Lobon


Innate Abilities, Weirdness & Mutations

You have a pair of horns on your head.
You reflexively headbutt those who attack you in melee.


Message History

Your ogre barely misses Lom Lobon.
Okay, then.
Unknown command.
A red film seems to cover your vision as you go berserk!
You feel yourself moving faster!
You feel mighty!
You are engulfed in freezing vapours.
* * * LOW HITPOINT WARNING * * *
The ice encasing you melts away.
Your troll bites Lom Lobon but does no damage.
Your troll misses Lom Lobon.
Your troll claws Lom Lobon.
Your ogre closely misses Lom Lobon.
Lom Lobon hits you.
* * * LOW HITPOINT WARNING * * *
Your troll bites Lom Lobon!
Your troll closely misses Lom Lobon. x2
You miss Lom Lobon. You headbutt Lom Lobon!
Lom Lobon is lightly wounded.
You are engulfed in freezing vapours.
* * * LOW HITPOINT WARNING * * *
You barely miss Lom Lobon.
Lom Lobon is lightly wounded.
You are engulfed in freezing vapours.
Your troll completely misses Lom Lobon.
Your troll claws Lom Lobon.
Your troll completely misses Lom Lobon.
Your ogre misses Lom Lobon. Lom Lobon hits you.
* * * LOW HITPOINT WARNING * * *
You barely miss Lom Lobon.
Lom Lobon is lightly wounded.
You are engulfed in freezing vapours.
You impale Lom Lobon!!
Lom Lobon's magic leaks into the air.
You headbutt Lom Lobon!
Lom Lobon is moderately wounded.
You are engulfed in freezing vapours.
* * * LOW HITPOINT WARNING * * *
Your troll closely misses Lom Lobon.
Your troll barely misses Lom Lobon.
Your troll closely misses Lom Lobon.
Your ogre barely misses Lom Lobon.
Unknown command.
You miss Lom Lobon.
Lom Lobon is moderately wounded.
You are engulfed in freezing vapours.
* * * LOW HITPOINT WARNING * * *
Lom Lobon hits you!!
You die...

°°#.....# .##
#..≈.##+# °°###++##
##.. #..≈##§..
.###..##
+###..≈#§.§§§
.####..###
#.≈..##....§§
'#..#:.#.###
#.≈.)#.....D§§
.#.........#
###.÷#.....)
##...°.○○..#
#.+.)##.....
['.....°####
#.##O## ###...###
#°#@&≈## $ #####
#.#☼T≈≈## °°
..#≈≈≈≈≈####### ..°
#
####≈≈≈≈#≈≈≈≈≈#..°.
..
#..#'≈≈≈'≈≈.≈≈'..☼.
°..
#...##≈≈#≈≈≈≈≈#≈≈≈


°°°° #....######'##### ≈ °.&°. #....#≈≈§§§☼≈≈≈≈##≈≈ ○...°.#######§§§§☼≈≈≈≈≈≈≈≈
You could see Lom Lobon (gusty, ally target), a friendly troll (summoned,
berserk) and a friendly ogre (summoned, berserk).

Vanquished Creatures
  the Lernaean hydra (D)
  A deep elf master archer (D)
  A lorocyproca (D)
  A deep elf annihilator (D)
  A mummy priest (D)
  A hydra (D)
  2 centaur warriors (D)
  A lindwurm (D)
  2 oklob plants (D)
  2 merfolk sirens (D)
  2 gargoyles (D)
  2 kobold demonologists (D)
  4 demonic crawlers (D)
  2 unseen horrors (D)
  A hellwing (D)
  A slime creature (D)
  4 hornets (D)
  Sigmund (D)
  2 redbacks (D)
  13 hogs (D)
  A yak (D)
  3 floating eyes (D)
  7 necrophages (D)
  An ogre (D)
  8 jellies (D)
  Ijyb (D)
66 creatures vanquished.

Vanquished Creatures (collateral kills)
  Sonja (D)
  A deep troll (D)
2 creatures vanquished.

Vanquished Creatures (others)
  A hornet (D)
  A ball lightning (D)
  2 ballistomycete spores (D)
4 creatures vanquished.

Grand Total: 72 creatures vanquished

Notes
Turn   | Place    | Note
-------+----------+-------------------------------------------
     0 | D        | Ankalagon the Minotaur Berserker began the quest for the
                  | Orb.
     0 | D        | Reached XP level 1. HP: 19/19 MP: 0/0
     1 | D        | Noticed Ijyb
     8 | D        | Killed Ijyb
     9 | D        | Reached skill level 6 in Fighting
     9 | D        | Reached XP level 2. HP: 30/30 MP: 1/1
   122 | D        | Noticed an ogre
   127 | D        | Killed an ogre
   128 | D        | Reached skill level 8 in Fighting
   128 | D        | Reached XP level 3. HP: 24/41 MP: 2/2
   128 | D        | Reached XP level 4. HP: 28/49 MP: 3/3
   307 | D        | Noticed Sigmund
   319 | D        | Killed Sigmund
   319 | D        | Reached ** piety under Trog
   320 | D        | Reached skill level 10 in Fighting
   320 | D        | Reached skill level 10 in Maces & Flails
   320 | D        | Reached XP level 5. HP: 54/59 MP: 4/4
   431 | D        | Found a shimmering blue altar of Sif Muna.
   432 | D        | Found an ornate altar of the Wu Jian Council.
   433 | D        | Found a radiant altar of Vehumet.
   439 | D        | Reached skill level 11 in Fighting
   439 | D        | Reached XP level 6. HP: 68/68 MP: 5/5
   556 | D        | Found Tynut's Antique Armour Emporium.
   556 | D        | Found an ancient bone altar of Kikubaaqudgha.
   556 | D        | Found a hazy altar of Hepliaklqana.
   556 | D        | Found a stormy altar of Qazlal.
   556 | D        | Found a hide-covered altar of Uskayaw.
   556 | D        | Found a blossoming altar of Fedhas.
   556 | D        | Found a bloodstained altar of Trog.
   556 | D        | Found an iron altar of Okawaru.
   556 | D        | Found a basalt altar of Yredelemnul.
   556 | D        | Found a glowing golden altar of the Shining One.
   556 | D        | Found a snail-covered altar of Cheibriados.
   556 | D        | Found a sacrificial altar of Ru.
   556 | D        | Found a glowing silver altar of Zin.
   556 | D        | Found a shadowy altar of Dithmenos.
   556 | D        | Found a white marble altar of Elyvilon.
   556 | D        | Noticed a yak
   557 | D        | Found an opulent altar of Gozag.
   564 | D        | Killed a yak
   565 | D        | Reached skill level 12 in Fighting
   565 | D        | Found a sparkling altar of Nemelex Xobeh.
   569 | D        | Bought a spiked scale mail for 171 gold pieces
   569 | D        | Identified the +5 scale mail of the Sunfish {Rampage rF-
                  | Int+4} (You bought it in a shop in the Dungeon)
   662 | D        | Found a viscous altar of Jiyva.
   662 | D        | Found a corrupted altar of Lugonu.
   662 | D        | Noticed a slime creature
   663 | D        | Found a burning altar of Makhleb.
   663 | D        | Found a shimmering altar of Xom.
   670 | D        | Killed a slime creature
   670 | D        | Reached *** piety under Trog
   671 | D        | Reached skill level 13 in Fighting
   671 | D        | Reached XP level 7. HP: 66/79 MP: 6/6
   828 | D        | Noticed a centaur warrior
   831 | D        | Noticed a centaur warrior
   841 | D        | Killed a centaur warrior
   842 | D        | Reached skill level 15 in Fighting
   842 | D        | Reached XP level 8. HP: 64/91 MP: 7/7
   847 | D        | Killed a centaur warrior
   848 | D        | Reached skill level 16 in Fighting
  1078 | D        | Noticed a hornet
  1084 | D        | Killed a hornet
  1085 | D        | Reached XP level 9. HP: 101/101 MP: 8/8
  1124 | D        | Noticed an oklob plant
  1137 | D        | Killed an oklob plant
  1137 | D        | Reached **** piety under Trog
  1138 | D        | Reached skill level 17 in Fighting
  1138 | D        | Reached skill level 10 in Dodging
  1469 | D        | Paralysed by a floating eye for 3 turns
  1527 | D        | Bought an embroidered cloak for 142 gold pieces
  1548 | D        | Noticed a kobold demonologist
  1550 | D        | Noticed a kobold demonologist
  1570 | D        | Paralysed by a floating eye for 4 turns
  1578 | D        | Killed a kobold demonologist
  1578 | D        | Reached ***** piety under Trog
  1580 | D        | Noticed a soul eater
  1584 | D        | Noticed a rust devil
  1585 | D        | Killed a kobold demonologist
  1586 | D        | Reached skill level 18 in Fighting
  1715 | D        | Noticed a demonic crawler
  1715 | D        | Noticed a demonic crawler
  1715 | D        | Noticed a demonic crawler
  1715 | D        | Noticed a demonic crawler
  1726 | D        | Killed a demonic crawler
  1732 | D        | Killed a demonic crawler
  1733 | D        | Reached XP level 10. HP: 114/114 MP: 9/9
  1738 | D        | Received a gift from Trog
  1849 | D        | Noticed a gargoyle
  1857 | D        | Killed a gargoyle
  1858 | D        | Reached skill level 19 in Fighting
  1864 | D        | Noticed a lindwurm
  1867 | D        | Killed a lindwurm
  1868 | D        | Reached skill level 5 in Armour
  1937 | D        | Received a gift from Trog
  1944 | D        | Reached skill level 10 in Armour
  1954 | D        | Reached ****** piety under Trog
  2037 | D        | Noticed a 12-headed hydra
  2046 | D        | Killed a 12-headed hydra
  2047 | D        | Reached XP level 11. HP: 101/122 MP: 10/10
  2226 | D        | Received a gift from Trog
  2244 | D        | Noticed a deep elf annihilator
  2316 | D        | Bought a glowing plate armour for 494 gold pieces
  2332 | D        | Noticed Sonja
  2335 | D        | Killed Sonja
  2336 | D        | Reached skill level 15 in Dodging
  2350 | D        | Noticed a deep troll
  2352 | D        | Killed a deep troll
  2486 | D        | Found Fidohuke's Distillery.
  2494 | D        | Bought a potion of heal wounds for 65 gold pieces
  2494 | D        | Bought a potion of heal wounds for 65 gold pieces
  2494 | D        | Bought a potion of haste for 130 gold pieces
  2494 | D        | Bought a potion of haste for 130 gold pieces
  2494 | D        | Bought 2 potions of curing for 78 gold pieces
  2512 | D        | Found Jeysamm's Armour Emporium.
  2557 | D        | Identified the +6 great mace of Trog's Outrage {god gift,
                  | flame, +Blink rPois rF+} (Trog gifted it to you in the
                  | Dungeon)
  2557 | D        | Received a gift from Trog
  2584 | D        | Received a gift from Trog
  2662 | D        | Killed a lorocyproca
  3289 | D        | Reached skill level 15 in Maces & Flails
  3299 | D        | Received a gift from Trog
  3306 | D        | Identified the +3 hunting sling of the Gloaming {freeze,
                  | rC++ Str+4}
  3316 | D        | Found Geishen's General Store.
  3316 | D        | Found Bouj's Magic Scroll Shop.
  3316 | D        | Found Dextize's Antique Weapon Boutique.
  3318 | D        | Found Haonn's General Store.
  3318 | D        | Found Xottuh's General Store.
  3318 | D        | Found Diulitz's Assorted Antiques.
  3318 | D        | Found Woyhumy's Antique Armour Boutique.
  3318 | D        | Found Ipay's Jewellery Emporium.
  3318 | D        | Found Xietz's Armour Shop.
  3318 | D        | Found Wanist's Antique Armour Shoppe.
  3319 | D        | Found Qor Fefe's Jewellery Boutique.
  3320 | D        | Found Satepp's Antique Armour Emporium.
  3320 | D        | Found Xalibuir's Weapon Boutique.
  3321 | D        | Found Namaf's Book Emporium.
  3335 | D        | Bought the ring "Mial" {Fly rElec rPois rN+} for 518 gold
                  | pieces
  3368 | D        | Bought the +3 pair of seven-league boots {Rampage+∞} for
                  | 560 gold pieces
  3368 | D        | Found the +3 pair of seven-league boots {Rampage+∞}
  3454 | D        | Killed a deep elf annihilator
  3455 | D        | Reached skill level 5 in Evocations
  3473 | D        | Noticed a mummy priest
  3474 | D        | Noticed an oklob plant
  3476 | D        | Noticed a soul eater
  3498 | D        | Noticed a jiangshi
  3498 | D        | Killed a mummy priest
  3501 | D        | Killed an oklob plant
  3580 | D        | Noticed a shadow dragon
  3581 | D        | Found the +14 obsidian axe {vorpal, Mesm Drain Fly SInv}
  3695 | D        | Noticed the 27-headed Lernaean hydra
  3705 | D        | Killed the 26-headed Lernaean hydra
  3705 | D        | Received a gift from Trog
  3706 | D        | Reached skill level 10 in Evocations
  3706 | D        | Reached XP level 12. HP: 130/130 MP: 11/11
  3856 | D        | Noticed a deep elf master archer
  3873 | D        | Killed a deep elf master archer
  3899 | D        | Noticed Lom Lobon
  3931 | D        | Mangled by Lom Lobon

Illustrated notes

Levels and vault maps discovered:
D:        dungeon_sprint_1 [red_sonja_temple_1, red_sonja_temple_small_1]

Skill      XL: |  1  2  3  4  5  6  7  8  9 10 11 12 |
---------------+-------------------------------------+-----
Fighting       | 6 8 10 11 13 15 16 18 19 | 19.1
Maces & Flails | 6 8 10 11 13 14 18 | 18.9
Dodging        | 6 9 13 14 15 | 15.7
Armour         | 12 14 | 14.7
Evocations     | 10 11 | 11.0

Action                   |  1- 3 |  4- 6 |  7- 9 | 10-12 || total
-------------------------+-------+-------+-------+-------++-------
Melee: Mace              |     9 |    21 |    72 |    13 ||   115
       Headbutt          |       |     3 |    19 |    48 ||    70
       Dire flail        |       |       |       |    95 ||    95
       Great mace        |       |       |       |    76 ||    76
Invok: Berserk           |     2 |     4 |     5 |     5 ||    16
       Trog's Hand       |       |       |     1 |     1 ||     2
       Brothers in Arms  |       |       |       |     6 ||     6
Evoke: Phial of floods   |       |       |       |     1 ||     1
  Use: Scroll            |       |       |     1 |     1 ||     2
       Potion            |       |       |       |     2 ||     2
Armor: Animal skin       |       |     1 |       |       ||     1
       Scale mail        |       |     1 |    50 |    36 ||    87
       Plate armour      |       |       |       |    97 ||    97
Dodge: Dodged            |     6 |     6 |    42 |   130 ||   184

Table legend: (Time is in decaauts)
 A = Elapsed time spent in this place.
 B = Non-inter-level travel time spent in this place.
 C = Inter-level travel time spent in this place.
 D = Time resting spent in this place.
 E = Time spent auto-exploring this place.
 F = Levels seen in this place.
 G = Mean time per level.
                   A        B        C        D        E       F      G
               +--------+--------+--------+--------+--------+-----+--------+
         Total |   4070 |   3877 |    193 |   2530 |      0 |   1 | 4070.0 |
       Dungeon |   4070 |   3877 |    193 |   2530 |      0 |   1 | 4070.0 |
               +--------+--------+--------+--------+--------+-----+--------+

Top non-repeatable levels by time:
       D: 4070 daAuts
